 Dungeon Crawl Stone Soup version 0.25.1-8-g42b30a86e7 (webtiles) character file.

Game seed: 11062359480813071430

102 gruber the Chiller (level 4, 24/30 HPs)
             Began as a Demonspawn Ice Elementalist on Dec 17, 2020.
             Quit the game on level 3 of the Dungeon.
             The game lasted 00:03:10 (1980 turns).

gruber the Chiller (Demonspawn Ice Elementalist)    Turns: 1980, Time: 00:03:11

Health: 24/30      AC:  4    Str:  8    XL:     4   Next: 49%
Magic:  3/7        EV: 12    Int: 17    God:
Gold:   105        SH:  5    Dex: 14    Spells: 3/7 levels left

rFire    . . .     SeeInvis .   b - +0 dagger (venom)
rCold    + . .     Gourm    .   (no shield)
rNeg     . . .     Faith    .   a - +0 robe
rPois    .         Spirit   .   (no helmet)
rElec    .         Reflect  +   (no cloak)
rCorr    .         Harm     .   (no gloves)
MR       .....                  (no boots)
Stlth    ++........             e - amulet of reflection
HPRegen  0.10/turn              (no ring)
MPRegen  0.10/turn              (no ring)

@: no status effects
A: hooves 1, slimy green scales 1, cold resistance 1
a: no special abilities


You were on level 3 of the Dungeon.
You were not hungry.

You visited 1 branch of the dungeon, and saw 3 of its levels.

You collected 105 gold pieces.

Inventory:

Hand Weapons
 b - a +0 dagger of venom (weapon)
Armour
 a - a +0 robe (worn)
Jewellery
 e - an amulet of reflection (around neck)
Scrolls
 d - 2 scrolls of teleportation {unknown}
 f - a scroll of amnesia {unknown}
 h - 2 scrolls of remove curse {unknown}
 j - a scroll of identify {unknown}
Potions
 g - a potion of heal wounds {unknown}
Comestibles
 c - 6 rations


   Skills:
 - Level 1.7 Dodging
 - Level 1.7 Stealth
 - Level 2.0 Spellcasting
 * Level 5.4 Ice Magic


You had 3 spell levels left.
You knew the following spells:

 Your Spells              Type           Power        Failure   Level  Hunger
a - Freeze                Ice            ###.         1%          1    #......
b - Frozen Ramparts       Ice            ###...       6%          3    ###....

Your spell library contained the following spells:

 Spells                   Type           Power        Failure   Level  Hunger
 Ozocubu's Armour         Chrm/Ice       ##......     19%         3    ###....
 Hailstorm                Conj/Ice       ##......     54%         4    #####..
 Summon Ice Beast         Ice/Summ       ##......     54%         4    #####..


Dungeon Overview and Level Annotations

Branches:
Dungeon (3/15)

Altars:


Innate Abilities, Weirdness & Mutations

You have large cloven feet.
You are partially covered in slimy green scales. (AC +2)
Your flesh is cold resistant. (rC+)


Message History

A crimson imp is nearby!
A crimson imp is nearby!
Things that are here:
an orc corpse; a bat corpse The crimson imp hits you but does no damage.
You hit the crimson imp but do no damage.
You kick the crimson imp.
The crimson imp is heavily wounded.
The crimson imp hits you but does no damage.
You hit the crimson imp. You kick the crimson imp.
The crimson imp is severely wounded.
The crimson imp misses you.
You hit the crimson imp.
The crimson imp looks even sicker.
You kick the crimson imp.
The crimson imp is almost dead.
You kill the crimson imp!
You have reached level 4!
You feel agile.
Your demonic ancestry asserts itself...
Slimy green scales grow over part of your body.
Are you sure you want to abandon this character and quit the game? (Confirm with "yes".)

##.........#
...%?.....#
#.........# .
###<........#..
#.?............
#.#............
##...........!..
...#.........#
##....#.@#.....
#.....#†##.##..
...#..#....#
.........###
....$..?.#
#.......##
#.......#
#.......#
##......#


There were no monsters in sight!

Vanquished Creatures
  A crimson imp (D:3)
  2 adders
  A dart slug (D:2)
  2 leopard geckos
  An orc (D:3)
  A ball python (D:1)
  2 giant cockroaches (D:2)
  5 goblins (D:1)
  7 hobgoblins
  3 kobolds
  A quokka (D:2)
  9 bats
  5 frilled lizards
  3 rats (D:1)
43 creatures vanquished.

Notes
Turn   | Place    | Note
-------+----------+-------------------------------------------
     0 | D:1      | gruber the Demonspawn Ice Elementalist began the quest for
                  | the Orb.
     0 | D:1      | Reached XP level 1. HP: 13/13 MP: 3/3
   384 | D:1      | Reached skill level 4 in Ice Magic
   413 | D:1      | Gained mutation: Your flesh is cold resistant. (rC+)
                  | [demonic ancestry]
   413 | D:1      | Reached XP level 2. HP: 19/19 MP: 0/5
  1491 | D:2      | Gained mutation: You have large cloven feet. [demonic
                  | ancestry]
  1491 | D:2      | Reached XP level 3. HP: 20/24 MP: 6/6
  1811 | D:2      | Learned a level 3 spell: Frozen Ramparts
  1939 | D:2      | You fall into a shaft and drop 1 floor!
  1950 | D:3      | Reached skill level 5 in Ice Magic
  1979 | D:3      | Gained mutation: You are partially covered in slimy green
                  | scales. (AC +2) [demonic ancestry]
  1979 | D:3      | Reached XP level 4. HP: 24/30 MP: 3/7
  1980 | D:3      | Quit the game

Illustrated notes

Levels and vault maps discovered:
D:1:      ncdulo_lavacross, layout_loops_ring
D:2:      layout_basic, amethyst_overflow_temple_binary, first_ration
D:3:      layout_rooms, gup_sewer_entry_bubbles,
          chequers_ecumenical_altar_island, uniq_grinder, uniq_natasha

Skill      XL: |  1  2  3 |
---------------+----------+-----
Ice Magic      | 4 5 |  5.4
Dodging        | |  1.7
Stealth        | |  1.7
Spellcasting   | |  2.0

Action                   |  1- 3 |  4- 6 || total
-------------------------+-------+-------++-------
Melee: Unarmed           |    13 |       ||    13
       Dagger            |    83 |       ||    83
       Kick              |    14 |       ||    14
 Cast: Freeze            |    30 |       ||    30
       Frozen Ramparts   |     2 |       ||     2
 Stab: Sleeping          |     2 |       ||     2
  Eat: Chunk             |     4 |       ||     4
Armor: Robe              |    42 |       ||    42
Dodge: Dodged            |    96 |       ||    96
Block: Other             |    34 |       ||    34
